 Dungeon Crawl Stone Soup version 0.29-a0-72-g1732ff48e7 (webtiles) character file.

Game seed: 15109569749466712519

913 tatocazan the Bolt Thrower (level 8, -1/61 HPs)
             Began as a Formicid Hunter on Feb 3, 2022.
             Was an Initiate of Okawaru.
             Slain by a wyvern zombie (10 damage)
             ... on level 6 of the Dungeon.
             The game lasted 00:08:00 (7700 turns).

tatocazan the Bolt Thrower (Formicid Hunter)        Turns: 7700, Time: 00:08:01

Health: -1/61      AC:  3    Str: 26    XL:     8   Next: 30%
Magic:  8/8        EV: 12    Int: 10    God:    Okawaru [......]
Gold:   193        SH:  0    Dex: 11    Spells: 7/7 levels left

rFire   . . .      SeeInvis +   a - +1 hand crossbow (venom)
rCold   . . .      Faith    .   (no shield)
rNeg    . . .      Spirit   .   c - +0 leather armour
rPois   +          Reflect  .   (helmet unavailable)
rElec   .          Harm     .   v - scarf {shadows}
rCorr   .          Rampage  .   (no gloves)
Will    .....                   (no boots)
Stlth   +.........              (no amulet)
HPRegen 0.20/turn               l - +6 ring of strength
MPRegen 0.11/turn               q - ring of poison resistance

@: no status effects
A: permanent stasis, dig shafts and tunnels, antennae 3, four strong arms
a: Dig, Shaft Self, Renounce Religion


You were on level 6 of the Dungeon.
You worshipped Okawaru.
Okawaru was noncommittal.
You visited 2 branches of the dungeon, and saw 7 of its levels.

You collected 193 gold pieces.

Inventory:

Hand Weapons
 a - a +1 hand crossbow of venom (weapon)
 b - a +0 short sword
 o - a +0 dagger of protection
 p - a +0 whip of venom
Missiles
 d - 32 bolts (quivered ammo)
 r - 5 boomerangs
Armour
 c - a +0 leather armour (worn)
 v - a scarf of shadows (worn)
Jewellery
 l - a +6 ring of strength (left hand)
 q - a ring of poison resistance (right hand)
Wands
 t - a wand of iceblast (4)
Scrolls
 e - a scroll of immolation {unknown}
 f - 2 scrolls of amnesia
 g - a scroll of torment {unknown}
 h - 3 scrolls of identify
 j - a scroll of vulnerability {unknown}
 k - 2 scrolls of teleportation {unknown}
 n - 2 scrolls of noise {unknown}
 w - a scroll of blinking {unknown}
Potions
 i - 2 potions of flight
 m - a potion of cancellation {unknown}
 s - a potion of magic {unknown}
 u - a potion of heal wounds
 x - 2 potions of resistance


   Skills:
 + Level 4.7 Fighting
 - Level 1.5(2.7) Short Blades
 * Level 3.4(3.6) Long Blades
 + Level 5.6 Crossbows
 + Level 4.0 Armour
 + Level 3.9 Dodging
 - Level 1.2 Stealth


You had 7 spell levels left.
You didn't know any spells.
Your spell library contained the following spells:

 Spells                   Type           Power      Damage    Failure   Level
 Ensorcelled Hibernation  Hex/Ice        0%         N/A       54%         2
 Passwall                 Tmut/Erth      0%         N/A       54%         2
 Gell's Gravitas          Tloc           0%         N/A       77%         3
 Lesser Beckoning         Tloc           0%         N/A       77%         3
 Teleport Other           Tloc           0%         N/A       77%         3
 Swiftness                Air            Unusable   N/A       N/A         3

Dungeon Overview and Level Annotations

Branches:
Dungeon (6/15)             Temple (1/1) D:6

Altars:
Dithmenos
Elyvilon
Fedhas
Gozag
Hepliaklqana
Kikubaaqudgha
Makhleb
Okawaru
Ru
Vehumet
Wu Jian
Yredelemnul
Zin
The Shining One

Shops:
D:5 (


Innate Abilities, Weirdness & Mutations

You cannot be hasted, slowed, berserked, paralysed or teleported.
You can dig through walls and to a lower floor.
You have a pair of large antennae on your head. (SInv)
Your four strong arms can wield two-handed weapons with a shield.


Message History

Press: ? - help, Q - select action, (/) - cycle Shift-Dir - straight line, f - wyvern zombie
Aim: a wyvern zombie (moderately damaged, 81% to hit)
You shoot a bolt. The bolt hits the wyvern zombie!
The wyvern zombie is severely damaged.
The wyvern zombie barely misses you. The wyvern zombie closely misses you.
Fire: 36 bolts
Press: ? - help, Q - select action, (/) - cycle Shift-Dir - straight line, f/p - wyvern zombie
Aim: a wyvern zombie (severely damaged, 81% to hit)
You shoot a bolt.
The bolt barely misses the wyvern zombie.
The bolt hits the shadow imp!
You kill the shadow imp!
Okawaru accepts your kill. The wyvern zombie bites you.
You take 2 damage, and have 32/61 hp.
Fire: 35 bolts
Press: ? - help, Q - select action, (/) - cycle Shift-Dir - straight line, f/p - wyvern zombie
Aim: a wyvern zombie (severely damaged, 81% to hit)
You shoot a bolt.
The bolt hits the wyvern zombie but does no damage.
The wyvern zombie is severely damaged.
The wyvern zombie bites you!
* * * LOW HITPOINT WARNING * * *
The wyvern zombie barely misses you.
You take 14 damage, and have 18/61 hp.
MASSIVE DAMAGE!!
Fire: 34 bolts
Press: ? - help, Q - select action, (/) - cycle Shift-Dir - straight line, f/p - wyvern zombie
Aim: a wyvern zombie (severely damaged, 81% to hit)
You shoot a bolt. The bolt hits the wyvern zombie.
The wyvern zombie is severely damaged.
The wyvern zombie barely misses you.
Fire: 33 bolts
Press: ? - help, Q - select action, (/) - cycle Shift-Dir - straight line, f/p - wyvern zombie
Aim: a wyvern zombie (severely damaged, 81% to hit)
You shoot a bolt.
The bolt barely misses the wyvern zombie.
The wyvern zombie bites you!
* * * LOW HITPOINT WARNING * * *
The wyvern zombie bites you!
You die...

# #......# #####
# #.##.###
###.##.# {
....##.# ######.#
# #.# # #.#
######## # #.#
#....... # #.#
#@# # #.# #Z#
######.#### #.#
.#...§§≈..####
#.#
....≈≈§§≈....#
#(#
.#.≈≈§§§≈≈##.#
#.#
##.§§≈>§§≈##.#
#(#
#.≈§≈§§§§##.###.#
#..≈≈§§≈§.....§.#


You could see a wyvern zombie.

Vanquished Creatures
  Eustachio (D:6)
  2 ogres
  Blork the orc (D:4)
  A water moccasin skeleton (D:4)
  A howler monkey (D:6)
  A jelly (D:4)
  A hound (D:4)
  A gnoll shaman (D:5)
  3 iguanas
  3 orc wizards
  4 adders
  7 gnolls
  A shadow imp (D:6)
  A white imp (D:5)
  2 worms (D:2)
  11 orcs
  3 ball pythons
  4 bats
  10 endoplasms
  2 giant cockroaches (D:4)
  7 goblins
  6 hobgoblins
  6 jackals
  12 kobolds
  5 quokkas
  6 frilled lizards
  A rat (D:1)
103 creatures vanquished.

Vanquished Creatures (others)
  2 plants (D:4)
2 creatures vanquished.

Grand Total: 105 creatures vanquished

Notes
Turn   | Place    | Note
-------+----------+-------------------------------------------
     0 | D:1      | tatocazan the Formicid Hunter began the quest for the Orb.
     0 | D:1      | Reached XP level 1. HP: 16/16 MP: 1/1
   352 | D:1      | Reached XP level 2. HP: 2/23 MP: 2/2
  1215 | D:1      | Reached XP level 3. HP: 9/28 MP: 3/3
  1217 | D:1      | Reached skill level 1 in Armour
  1939 | D:1      | Reached skill level 1 in Short Blades
  2950 | D:2      | Reached XP level 4. HP: 20/34 MP: 4/4
  3127 | D:2      | You fall into a shaft and drop 2 floors!
  3729 | D:4      | Noticed Blork the orc
  3737 | D:4      | Killed Blork the orc
  3738 | D:4      | Reached XP level 5. HP: 18/41 MP: 5/5
  3931 | D:4      | Reached skill level 1 in Long Blades
  3951 | D:4      | Reached XP level 6. HP: 12/47 MP: 6/6
  4062 | D:4      | Noticed an ogre
  4104 | D:5      | Entered Level 5 of the Dungeon
  4610 | D:5      | Found Kuheebil's Firing Range.
  4781 | D:5      | Noticed an ogre
  4783 | D:5      | Killed an ogre
  4784 | D:5      | Reached skill level 5 in Crossbows
  4784 | D:5      | Reached XP level 7. HP: 53/53 MP: 7/7
  5426 | D:4      | HP: 1/54 [ogre (11)]
  5427 | D:4      | You fall into a shaft and drop 1 floor!
  6374 | D:4      | Found a white marble altar of Elyvilon.
  6795 | D:3      | Reached XP level 8. HP: 61/61 MP: 8/8
  7541 | D:6      | Found a staircase to the Ecumenical Temple.
  7554 | Temple   | Entered the Ecumenical Temple
  7635 | Temple   | Became a worshipper of Warmaster Okawaru
  7672 | D:6      | Noticed Eustachio
  7691 | D:6      | Killed Eustachio
  7700 | D:6      | Slain by a wyvern zombie

Illustrated notes

Levels and vault maps discovered:
D:1:      wander_arrival_abandoned_jail, layout_basic,
          chequers_hall_statues_wall_a
D:2:      layout_loops_cross, basic_ecumenical_altar,
          chequers_serial_rivers_micro_c
D:3:      layout_basic
D:4:      layout_loops_ring, nicolae_elyvilon_temple_path, fountainhead,
          uniq_blork_the_orc
D:5:      layout_cave_pods, nicolae_shop_firing_range
D:6:      minmay_clustersquares, layout_loops_ring, minmay_temple_entry_mist,
          uniq_pikel, uniq_edmund, uniq_eustachio
Temple:   eino_narrow_crystal_temple

Skill      XL: |  1  2  3  4  5  6  7  8 |
---------------+-------------------------+-----
Dodging        | 2 3 |  3.9
Armour         | 1 2 3 4 |  4.0
Short Blades   | 1 |  1.5
Fighting       | 3 4 |  4.7
Long Blades    | 1 2 3 |  3.4
Crossbows      | 5 |  5.6
Stealth        | |  1.2

Action                   |  1- 3 |  4- 6 |  7- 9 || total
-------------------------+-------+-------+-------++-------
Melee: Short sword       |   107 |       |       ||   107
       Punch             |     4 |       |       ||     4
       Whip              |    28 |    47 |       ||    75
 Fire: Hand crossbow     |       |    15 |   100 ||   115
 Abil: Shaft Self        |       |     2 |     1 ||     3
       Dig               |       |     1 |       ||     1
  Use: Potion            |       |     3 |     1 ||     4
       Scroll            |       |     2 |       ||     2
 Stab: Sleeping          |     1 |       |       ||     1
Armor: Leather armour    |    42 |     9 |     2 ||    53
Dodge: Dodged            |    94 |    64 |    18 ||   176

Table legend: (Time is in decaauts)
 A = Elapsed time spent in this place.
 B = Non-inter-level travel time spent in this place.
 C = Inter-level travel time spent in this place.
 D = Time resting spent in this place.
 E = Time spent auto-exploring this place.
 F = Levels seen in this place.
 G = Mean time per level.
                   A        B        C        D        E       F      G
               +--------+--------+--------+--------+--------+-----+--------+
         Total |   7748 |   7522 |    226 |   3024 |   3615 |   7 | 1106.9 |
       Dungeon |   7651 |   7439 |    212 |   3024 |   3549 |   6 | 1275.2 |
        Temple |     96 |     82 |     14 |      0 |     66 |   1 |   96.0 |
               +--------+--------+--------+--------+--------+-----+--------+

Top non-repeatable levels by time:
     D:1: 2314 daAuts
     D:5: 1763 daAuts
     D:4: 1753 daAuts
     D:3: 881 daAuts
     D:2: 824 daAuts
     D:6: 115 daAuts
  Temple: 96 daAuts
